 Dungeon Crawl Stone Soup version 0.30-b1-7-gcb88a99046 (webtiles) character file.

Game seed: 4870525080473838323

961 pikabug the Cudgeller (level 7, 0/55 HPs)
             Began as a Demonspawn Monk on May 5, 2023.
             Slain by a killer bee (5 damage)
             ... on level 6 of the Dungeon.
             The game lasted 00:29:17 (3124 turns).

pikabug the Cudgeller (Demonspawn Monk)             Turns: 3124, Time: 00:29:17

Health: 0/55       AC: 15    Str: 13    XL:     7   Next: 92%
Magic:  7/7        EV:  8    Int: 11    God:
Gold:   280        SH:  0    Dex: 26    Spells: 6/6 levels left

rFire   . . .        j - +3 whip (vamp)
rCold   . . .        d - orb {light}
rNeg    . . .        m - +1 chain mail
rPois   .            x - +0 helmet
rElec   .            (no cloak)
rCorr   .            (no gloves)
SInv    .            (no boots)
Will    .....        r - amulet of faith
Stlth   +            A - +6 ring of dexterity
HPRegen 0.29/turn    u - +4 ring of protection
MPRegen 0.10/turn

%: faith
@: glowing
A: thin skeletal structure 2, powered by death 1
a: no special abilities


You were on level 6 of the Dungeon.
You visited 1 branch of the dungeon, and saw 6 of its levels.
You also visited: Ossuary.

You collected 280 gold pieces.

Inventory:

Hand Weapons
 g - a +0 dagger
 j - a +3 vampiric whip (weapon)
Armour
 d - an orb of light (worn)
 m - a +1 chain mail (worn)
 x - a +0 helmet (worn)
Jewellery
 h - a ring of resist corrosion
 r - an amulet of faith (around neck)
 u - a +4 ring of protection (right hand)
 w - an amulet of magic regeneration
 A - a +6 ring of dexterity (left hand)
Wands
 s - a wand of flame (5)
 v - a wand of light (11)
 z - a wand of roots (8)
Scrolls
 f - a scroll of poison
 i - 2 scrolls of identify
 n - a scroll of teleportation
Potions
 a - 4 potions of invisibility {unknown}
 b - 3 potions of degeneration {unknown}
 c - a potion of ambrosia
 e - a potion of haste {unknown}
 k - 3 potions of lignification {unknown}
 l - 4 potions of curing {unknown}
 o - 6 potions of magic
 p - a potion of cancellation {unknown}
 q - 2 potions of attraction {unknown}


   Skills:
 + Level 4.4 Fighting
 - Level 2.9(4.9) Axes
 * Level 6.1(6.4) Maces & Flails
 + Level 3.5 Armour
 + Level 3.4 Dodging


You had 6 spell levels left.
You didn't know any spells.
Your spell library contained the following spells:

 Spells                   Type           Power      Damage    Failure   Level
 Call Canine Familiar     Summ           0%         N/A       100%        3
 Portal Projectile        Hex/Tloc       0%         N/A       100%        3
 Leda's Liquefaction      Hex/Erth       0%         N/A       100%        4


Dungeon Overview and Level Annotations

Branches:
Dungeon (6/15)             Temple (0/1) D:4         Ossuary (visited)

Altars:
Hepliaklqana
Makhleb
Sif Muna
Vehumet
Wu Jian
Xom
Yredelemnul


Innate Abilities, Weirdness & Mutations

You have a moderately thin skeletal structure. (Dex +4, Stealth++)
You regenerate a little health from kills.


Message History

You barely miss the killer bee.
The killer bee is almost dead.
You feel sick.
The killer bee stings you but does no damage. x2
You barely miss the killer bee.
The killer bee is almost dead.
You feel sick.
The killer bee stings you but does no damage.
You hit the killer bee.
You kill the killer bee!
You feel sick.
The killer bee stings you but does no damage.
Your Maces & Flails skill increases to level 6!
You feel sick. The killer bee stings you.
* * * LOW HITPOINT WARNING * * *
You hit the killer bee.
The killer bee is lightly wounded.
* * * LOW HITPOINT WARNING * * *
You feel sick. The killer bee closely misses you. x2
You hit the killer bee.
The killer bee is moderately wounded.
The killer bee stings you but does no damage.
You hit the killer bee.
The killer bee is heavily wounded.
* * * LOW HITPOINT WARNING * * *
You feel sick. The killer bee barely misses you.
The killer bee stings you but does no damage.
You hit the killer bee.
The killer bee is almost dead.
* * * LOW HITPOINT WARNING * * *
You feel sick. The killer bee closely misses you.
You hit the killer bee.
You feel better.
You kill the killer bee!
You feel sick. The killer bee barely misses you.
You hit the killer bee.
You feel better.
The killer bee is moderately wounded.
You feel sick.
You are no longer poisoned.
The killer bee barely misses you. The killer bee stings you.
You die...

#......##...##.........#
...#
#......#.....#.........#
..#
##.#...........l.o.#.(...#
..
#..##..#.......#.o###..###
# ......###.....###y# #.##
.(..#..<..###..#l## ###
.#.....#### ####o#
###.###### #y# #
##.....##### #@##########
###.#.........
#..........# .#.....#.#
#.##..#######.#####.#
#.......># #.##..#
#.<.....# ##....†..#
#.##..# #######.#
#.......# #.###.#######
#.#...#.# #.# #........
#.....#.# ##.###..######
####..#.###...##..#


You could see an orc warrior, an iguana, 2 killer bees and 2 orcs.

Vanquished Creatures
  A black bear (D:6)
  A scorpion (D:6)
  4 water moccasin zombies (Ossuary)
  2 killer bees (D:6)
  A crimson imp (D:5)
  3 hounds
  A gnoll bouda (D:5)
  A sleepcap (D:4)
  3 orc wizards
  2 mummies (Ossuary)
  7 gnolls (D:5)
  5 adders
  A shadow imp (D:6)
  A white imp (D:5)
  An ufetubus (D:5)
  4 adder zombies (Ossuary)
  2 dart slugs
  A worm (D:2)
  6 orcs
  4 ball pythons
  5 bats
  5 endoplasms
  4 gnoll zombies (Ossuary)
  3 goblins
  4 hobgoblins
  3 jackals (D:4)
  2 quokkas
  3 frilled lizards
  7 hobgoblin zombies (Ossuary)
  6 kobolds
  4 kobold zombies (Ossuary)
  5 orc zombies (Ossuary)
  5 rats
107 creatures vanquished.

Notes
Turn   | Place    | Note
-------+----------+-------------------------------------------
     0 | D:1      | pikabug the Demonspawn Monk began the quest for the Orb.
     0 | D:1      | Reached XP level 1. HP: 18/18 MP: 1/1
   482 | D:1      | Gained mutation: You regenerate a little health from kills.
                  | [demonic ancestry]
   482 | D:1      | Reached XP level 2. HP: 21/24 MP: 2/2
   677 | D:2      | Reached skill level 1 in Maces & Flails
   677 | D:2      | Reached XP level 3. HP: 29/29 MP: 3/3
   696 | D:2      | Found a basalt altar of Yredelemnul.
  1444 | D:4      | Reached skill level 2 in Maces & Flails
  1444 | D:4      | Reached XP level 4. HP: 35/35 MP: 4/4
  1454 | D:4      | Found a sand-covered staircase.
  1460 | Ossuary  | Entered an ossuary
  1501 | Ossuary  | Reached skill level 3 in Maces & Flails
  1501 | Ossuary  | Reached skill level 1 in Armour
  1501 | Ossuary  | Gained mutation: You have a somewhat thin skeletal
                  | structure. (Dex +2, Stealth+) [demonic ancestry]
  1501 | Ossuary  | Reached XP level 5. HP: 35/42 MP: 5/5
  1642 | Ossuary  | Reached skill level 4 in Maces & Flails
  1642 | Ossuary  | Reached XP level 6. HP: 34/48 MP: 6/6
  1762 | D:4      | Found a staircase to the Ecumenical Temple.
  2353 | D:5      | Entered Level 5 of the Dungeon
  2407 | D:5      | Reached skill level 5 in Maces & Flails
  2421 | D:5      | Gained mutation: You have a moderately thin skeletal
                  | structure. (Dex +4, Stealth++) [demonic ancestry]
  2421 | D:5      | Reached XP level 7. HP: 54/54 MP: 7/7
  2547 | D:5      | Found an ornate altar of the Wu Jian Council.
  2548 | D:5      | Found a radiant altar of Vehumet.
  2548 | D:5      | Found a hazy altar of Hepliaklqana.
  2548 | D:5      | Found a shimmering blue altar of Sif Muna.
  2664 | D:5      | Found a burning altar of Makhleb.
  2664 | D:5      | Found a shimmering altar of Xom.
  3118 | D:6      | Reached skill level 6 in Maces & Flails
  3122 | D:6      | HP: 2/55 [poisoned by a killer bee]
  3124 | D:6      | Slain by a killer bee

Illustrated notes

Levels and vault maps discovered:
D:1:      dpeg_arrival_line_fractal, layout_loops_ring,
          wander_ebering_terrifying_dragon_lair
D:2:      layout_rooms, basic_altar, minmay_tromino_v2
D:3:      layout_rooms
D:4:      layout_basic, nicolae_overflow_hidden_temple, lemuel_round_altar,
          minmay_temple_entry_overgrown, nicolae_ossuary_entry_plus
D:5:      layout_basic, grunt_temple_overflow_champion_of_chaos,
          chequers_temple_overflow_statue_of_worship
D:6:      nicolae_cairo_tiling_large_dashed, layout_loops_ring, serial_shops,
          shop, nzn_random_ring

Skill      XL: |  1  2  3  4  5  6  7 |
---------------+----------------------+-----
Dodging        | 3 |  3.4
Maces & Flails | 1 2 3 4 5 6 |  6.1
Armour         | 1 2 3 |  3.5
Fighting       | 4 |  4.4
Axes           | |  2.9

Action                     |  1- 3 |  4- 6 |  7- 9 || total
---------------------------+-------+-------+-------++-------
  Melee: Hand axe          |    15 |       |       ||    15
         Whip              |    88 |   242 |   121 ||   451
    Use: Scroll            |     8 |     1 |     2 ||    11
         Potion            |       |       |     4 ||     4
 Armour: Robe              |    10 |       |       ||    10
         Chain mail        |    73 |    96 |   125 ||   294
  Dodge: Dodged            |    68 |    70 |    83 ||   221
